 Dungeon Crawl Stone Soup version 0.28.0-47-ge53b351184 (webtiles) character file.

Game seed: 8351862175040378626

543 RascalDebosk the Skirmisher (level 7, 0/56 HPs)
             Began as a Demonspawn Berserker on May 8, 2022.
             Was a Believer of Trog.
             Slain by a lemure (4 damage)
             ... led by Pikel
             ... on level 8 of the Dungeon.
             The game lasted 00:26:34 (3991 turns).

RascalDebosk the Skirmisher (Demonspawn Berserker)  Turns: 3991, Time: 00:26:34

Health: 0/56       AC: 11    Str: 20    XL:     7   Next: 6%
Magic:  0/7        EV: 10    Int:  8    God:    Trog [**....]
Gold:   146        SH:  0    Dex: 12    Spells: 6/6 levels left

rFire   . . .      SeeInvis .   a - +0 hand axe
rCold   . . .      Faith    .   (no shield)
rNeg    . . .      Spirit   +   i - +0 plate armour
rPois   .          Reflect  .   (no helmet)
rElec   .          Harm     .   (no cloak)
rCorr   .          Rampage  .   e - +2 pair of gloves
Will    ++...                   l - +0 pair of boots
Stlth   ..........              (no amulet)
HPRegen 1.18/turn               m - +4 ring of evasion
MPRegen 0.20/turn               (no ring)

@: strong-willed, corroded, on berserk cooldown, regenerating, slowed, studying
Fighting, very slow
A: magic shield, magic regeneration, weakness stinger 1, demonic touch 2
a: Renounce Religion, Berserk, Trog's Hand


You were on level 8 of the Dungeon.
You worshipped Trog.
Trog was pleased with you.
You visited 1 branch of the dungeon, and saw 6 of its levels.

You collected 146 gold pieces.

Inventory:

Hand Weapons
 a - a +0 hand axe (weapon)
 c - a +0 spear
Missiles
 f - 2 atropa-tipped darts (quivered)
Armour
 e - a +2 pair of gloves (worn)
 i - a +0 plate armour (worn)
 l - a +0 pair of boots (worn)
Jewellery
 m - a +4 ring of evasion (left hand)
Wands
 n - a wand of flame (16)
Scrolls
 d - a scroll of identify
Potions
 b - a potion of flight {unknown}
 g - 2 potions of resistance
 h - 2 potions of curing
 j - a potion of mutation
 k - a potion of might


   Skills:
 + Level 5.3 Fighting
 + Level 4.0 Axes
 + Level 2.6 Throwing
 + Level 3.3 Armour
 - Level 1.7 Dodging
 + Level 1.6 Unarmed Combat
 + Level 2.8 Evocations


You had 6 spell levels left.
You didn't know any spells.
Your spell library was empty.

Dungeon Overview and Level Annotations

Branches:
Dungeon (5/15)
 Temple: D:4-7

Altars:
Ashenzari
Hepliaklqana
Kikubaaqudgha

Annotations:
D:8 Pikel


Innate Abilities, Weirdness & Mutations

When hurt, damage is shared between your health and your magic reserves.
You regenerate magic rapidly.
You have a small tail.
Your touch may inflict irresistible damage on your foes.


Message History

Found 12 gold pieces.
A jelly comes into view.
The jelly quivers.
Pikel waves his whip at you. The jelly barely misses you.
The jelly barely misses you.
The orc priest looks satisfied for a moment.
The lemure completely misses you.
A lemure comes into view.
The jelly hits you but does no damage.
A lemure comes into view.
The lemure hits you!
The lemure shouts!
Pikel hits you but does no damage. The lemure hits you. The jelly hits you.
The acid corrodes you!
You are splashed with acid!
* * * LOW HITPOINT WARNING * * *
Pikel hits you with a +1 whip of flaming.
* * * LOW HITPOINT WARNING * * *
Pikel burns you. The lemure hits you!
* * * LOW HITPOINT WARNING * * *
Pikel hits you but does no damage.
A yak comes into view.
The lemure misses you.
Your skin crawls.
You feel strong-willed.
A howler monkey comes into view.
The lemure hits you.
* * * LOW HITPOINT WARNING * * *
Pikel barely misses you. The lemure hits you.
* * * LOW HITPOINT WARNING * * *
The lemure barely misses you. The jelly hits you but does no damage.
The howler monkey howls!
You hit Pikel but do no damage. You hit the lemure but do no damage.
You barely miss the jelly. You hit the lemure but do no damage.
You closely miss the lemure.
Pikel hits you with a +1 whip of flaming.
* * * LOW HITPOINT WARNING * * *
Pikel burns you.
* * * LOW HITPOINT WARNING * * *
The lemure hits you.
You die...

#############
##.....#....$##
##..oo.........##
#..J5.......!...#
#.$@KYY.........#.≈
#..55YY............
#...o.o......[...._
#....5.............
#...!.............≈
##....h.Y.........Y
##.....#.....#....
#.##.............
#K...≈.o.#....


You could see Pikel, 5 yaks, an orc warrior, 4 lemures, a howler monkey, a
jelly, an orc priest, an orc wizard and an orc.

Vanquished Creatures
  Sigmund (D:4)
  A centaur (D:3)
  A hound (D:4)
  A bullfrog skeleton (D:5)
  A gnoll shaman (D:5)
  4 orc wizards
  A gnoll (D:1)
  3 adders
  2 dart slugs
  11 orcs
  4 ball pythons
  3 bats
  5 endoplasms
  A giant cockroach (D:2)
  6 goblins
  6 hobgoblins
  A quokka (D:1)
  A frilled lizard (D:1)
  8 kobolds
  3 rats
64 creatures vanquished.

Notes
Turn   | Place    | Note
-------+----------+-------------------------------------------
     0 | D:1      | RascalDebosk the Demonspawn Berserker began the quest for
                  | the Orb.
     0 | D:1      | Reached XP level 1. HP: 18/18 MP: 1/1
    33 | D:1      | HP: 1/27 [gnoll/+0 spear (5)]
    36 | D:1      | Gained mutation: You regenerate magic rapidly. [demonic
                  | ancestry]
    36 | D:1      | Reached XP level 2. HP: 1/24 MP: 2/2
   984 | D:1      | Reached skill level 1 in Evocations
   984 | D:1      | Gained mutation: When hurt, damage is shared between your
                  | health and your magic reserves. [demonic ancestry]
   984 | D:1      | Reached XP level 3. HP: 29/29 MP: 3/3
  1469 | D:2      | Reached skill level 1 in Throwing
  2090 | D:3      | Reached ** piety under Trog
  2202 | D:3      | Noticed a centaur
  2216 | D:3      | Killed a centaur
  2217 | D:3      | Reached skill level 4 in Fighting
  2217 | D:3      | Reached XP level 4. HP: 37/37 MP: 2/4
  2218 | D:3      | Discovered your monstrous ancestry.
  2218 | D:3      | Gained mutation: Your touch may inflict minor irresistible
                  | damage on your foes. [demonic ancestry]
  2218 | D:3      | Reached XP level 5. HP: 42/42 MP: 2/5
  3127 | D:4      | Found an ancient bone altar of Kikubaaqudgha.
  3146 | D:4      | Found a broken altar of Ashenzari.
  3504 | D:4      | Identified the +0 ring mail "Guahudot" {Rampage Int+3
                  | Stlth-}
  3807 | D:4      | Noticed Sigmund
  3815 | D:4      | Killed Sigmund
  3816 | D:4      | Reached skill level 5 in Fighting
  3816 | D:4      | Reached skill level 1 in Unarmed Combat
  3816 | D:4      | Gained mutation: You have a small tail. [demonic ancestry]
  3816 | D:4      | Reached XP level 6. HP: 51/51 MP: 4/6
  3868 | D:5      | Entered Level 5 of the Dungeon
  3975 | D:5      | Gained mutation: Your touch may inflict irresistible damage
                  | on your foes. [demonic ancestry]
  3975 | D:5      | Reached XP level 7. HP: 50/56 MP: 7/7
  3981 | D:5      | You fall into a shaft and drop 3 floors!
  3981 | D:8      | Noticed Pikel
  3981 | D:8      | Noticed a yak
  3981 | D:8      | Noticed a yak
  3981 | D:8      | Noticed a yak
  3981 | D:8      | Noticed a yak
  3981 | D:8      | Found a hazy altar of Hepliaklqana.
  3989 | D:8      | Noticed a yak
  3991 | D:8      | Slain by a lemure

Illustrated notes

Levels and vault maps discovered:
D:1:      mrwooster_arrival_statue_2, layout_loops_ring,
          amcnicky_mini_rare_corridor_liquid, minmay_misc_feat_cross, hex_tiny,
          roderic_three_in_a_row
D:2:      layout_basic, kennysheep_generic_room_7
D:3:      layout_loops_corners
D:4:      layout_gridville, mainiacjoe_overflow_swirl, uniq_sigmund
D:5:      layout_loops_ring, mainiacjoe_overflow_concentric_impassable,
          marbit_many_paths, cheibrodos_sewer_entry_drain
D:8:      layout_rooms, minmay_overflow_temple_star_quad, kennysheep_mini_moat,
          mainiacjoe_overflow_tiny_flanked, serial_park_tiny_pond,
          nicolae_elemental_shop, uniq_grum, uniq_psyche, uniq_pikel

Skill      XL: |  1  2  3  4  5  6 |
---------------+-------------------+-----
Armour         | 2 3 |  3.3
Evocations     | 1 2 |  2.8
Axes           | 3 4 |  4.0
Throwing       | 1 2 |  2.6
Fighting       | 4 5 |  5.3
Unarmed Combat | 1 |  1.6
Dodging        | |  1.7

Action                   |  1- 3 |  4- 6 |  7- 9 || total
-------------------------+-------+-------+-------++-------
Melee: Hand axe          |   102 |   100 |     5 ||   207
       Punch             |     1 |     1 |       ||     2
       Touch             |       |    17 |       ||    17
       Tailslap          |       |     8 |     1 ||     9
Invok: Berserk           |     2 |     5 |       ||     7
       Trog's Hand       |       |     2 |     1 ||     3
  Use: Scroll            |       |     6 |       ||     6
Armor: Animal skin       |    15 |       |       ||    15
       Ring mail         |    13 |       |       ||    13
       Skin              |     1 |       |       ||     1
       Plate armour      |    27 |    57 |     5 ||    89
Dodge: Dodged            |    58 |    38 |     6 ||   102
